 Dungeon Crawl Stone Soup version 0.30-a0-121-gb27577e5d9 (webtiles) character file.

Game seed: 2393701981685036308

5833 porpoise the Grappler (level 10, -3/79 HPs)
             Began as a Demonspawn Gladiator on Sept 15, 2022.
             Was a Believer of Sif Muna.
             Slain by a vampire (5 damage)
             ... on level 9 of the Dungeon.
             The game lasted 00:36:44 (13328 turns).

porpoise the Grappler (Demonspawn Gladiator)       Turns: 13328, Time: 00:36:44

Health: -3/79      AC: 10    Str: 24    XL:     10   Next: 51%
Magic:  0/10       EV: 12    Int: 11    God:    Sif Muna [**....]
Gold:   345        SH:  6    Dex: 14    Spells: 9/9 levels left

rFire   . . .      SeeInvis .    a - +3 woodcutter's axe {vorpal}
rCold   . . .      Faith    .    (shield currently unavailable)
rNeg    . . .      Spirit   +    N - +0 acid dragon scales
rPois   +          Reflect  .    L - +0 helmet
rElec   .          Harm     .    v - +0 cloak
rCorr   +          Rampage  .    (gloves unavailable)
Will    .....                    F - +0 pair of boots
Stlth   +.........               o - amulet of guardian spirit
HPRegen 0.23/turn                k - ring of poison resistance
MPRegen 0.12/turn                p - +6 ring of strength

@: no status effects
A: claws 3, large bone plates 2, spiny 2
a: Renounce Religion, Channel Magic


You were on level 9 of the Dungeon.
You worshipped Sif Muna.
Sif Muna was pleased with you.
You visited 2 branches of the dungeon, and saw 11 of its levels.
You also visited: Sewer.

You collected 714 gold pieces.
You spent 369 gold pieces at shops.

Inventory:

Hand Weapons
 a - the +3 woodcutter's axe (weapon) {vorpal}
   (You took it off a gnoll bouda on level 8 of the Dungeon)

   It inflicts extra damage upon your enemies.
 b - a +1 sling of venom
 c - a +0 trident
 u - a +0 vampiric glaive
 Q - the +1 short sword of Haod Pyny {vorpal, *Slow rF+ Stlth+}
   (You found it on level 9 of the Dungeon)

   It inflicts extra damage upon your enemies.
   rF:        It protects you from fire.
   *Slow:     It may slow you when you take damage.
   Stlth:     It makes you more stealthy.
Missiles
 d - 2 throwing nets
 e - a javelin (quivered)
 n - 3 poisoned darts
 y - 2 boomerangs
Armour
 v - a +0 cloak (worn)
 F - a +0 pair of boots (worn)
 H - a +2 kite shield
 L - a +0 helmet (worn)
 N - +0 acid dragon scales (worn)
Jewellery
 k - a ring of poison resistance (left claw)
 o - an amulet of guardian spirit (around neck)
 p - a +6 ring of strength (right claw)
 E - a ring of protection from fire
Wands
 l - a wand of acid (18)
 D - a wand of paralysis (10)
 M - a wand of flame (19)
Scrolls
 f - 2 scrolls of immolation
 g - 2 scrolls of enchant weapon
 h - 2 scrolls of silence
 m - a scroll of butterflies {unknown}
 s - 5 scrolls of teleportation
 x - 4 scrolls of fear
 z - 2 scrolls of poison
 A - a scroll of enchant armour
 B - a scroll of blinking
 G - a scroll of noise
 I - a scroll of vulnerability
 J - 2 scrolls of summoning
Potions
 i - 9 potions of curing
 j - 2 potions of lignification
 q - a potion of magic
 r - a potion of attraction
 t - a potion of invisibility
 w - 2 potions of heal wounds
 C - 4 potions of flight
 K - a potion of brilliance
 O - a potion of might {unknown}
 P - a potion of mutation {unknown}


   Skills:
 - Level 7.0 Fighting
 - Level 6.0 Polearms
 - Level 1.7 Throwing
 + Level 4.1 Armour
 - Level 2.6 Dodging
 + Level 11.2 Unarmed Combat


You had 9 spell levels left.
You didn't know any spells.
Your spell library contained the following spells:

 Spells                   Type           Power      Damage    Failure   Level
 Beastly Appendage        Tmut           0%         N/A       41%         1
 Magic Dart               Conj           0%         1d3       41%         1
 Call Imp                 Summ           0%         N/A       54%         2
 Ensorcelled Hibernation  Hex/Ice        0%         N/A       54%         2
 Scorch                   Fire           0%         2d5       54%         2
 Wereblood                Tmut           0%         N/A       54%         2
 Mephitic Cloud           Conj/Pois/Air  0%         N/A       78%         3
 Spider Form              Tmut/Pois      0%         N/A       78%         3
 Anguish                  Hex/Necr       0%         N/A       99%         4
 Flame Wave               Conj/Fire      0%         2d4       99%         4
 Summon Cactus Giant      Summ           0%         N/A       100%        6


Dungeon Overview and Level Annotations

Branches:
Dungeon (10/15)            Temple (1/1) D:7            Lair (0/5) D:8
  Sewer (visited)
    Orc: D:9-12

Altars:
Ashenzari
Cheibriados
Dithmenos
Fedhas
Gozag
Hepliaklqana
Kikubaaqudgha
Makhleb
Nemelex Xobeh
Okawaru
Qazlal
Ru
Sif Muna
Trog
Uskayaw
Vehumet
Wu Jian
Xom
Yredelemnul

Shops:
D:1 [[!*   D:4 (*?=   D:9 :

Annotations:
D:4 3 runed translucent doors, greasedhog's ghost, novice GrCK


Innate Abilities, Weirdness & Mutations

You have claws for hands.
You are mostly covered in large bone plates. (SH +6)
You are mostly covered in sharp spines.


Message History

The centaur warrior hits you but does no damage.
The centaur warrior kicks you. You block something's attack.
Something bites you.
Something draws strength from your injuries!
The centaur warrior is struck by your spines.
The centaur warrior hits you!
The centaur warrior kicks you but does no damage.
You closely miss the centaur warrior.
The centaur warrior is severely wounded.
You hit something but do no damage. Something hits you but does no damage.
Something bites you but does no damage.
The centaur warrior is struck by your spines.
The centaur warrior hits you but does no damage.
The centaur warrior kicks you.
You barely miss the centaur warrior.
The centaur warrior is severely wounded.
You closely miss something.
The centaur warrior is struck by your spines.
The centaur warrior hits you! The centaur warrior closely misses you.
Something hits you!
* * * LOW HITPOINT WARNING * * *
Something bites you.
* * * LOW HITPOINT WARNING * * *
Something draws strength from your injuries!
You block the centaur warrior's attack.
The centaur warrior kicks you but does no damage.
You feel much better. Something hits you!
Something bites you but does no damage.
The centaur warrior is struck by your spines.
The centaur warrior hits you!
* * * LOW HITPOINT WARNING * * *
The centaur warrior misses you.
You slash the centaur warrior!
You kill the centaur warrior!
Sif Muna accepts your kill.
You slash something! Something draws life force from you!
* * * LOW HITPOINT WARNING * * *
Your Armour skill increases to level 4!
You slash something! You hit the acid dragon. Something hits you.
You die...

#....'....#. #...†#....##
#....#....# #....#...>#
#############'##########
.......#8........# #.#
...?...#.........# #.#
......{#.........# #.#
......D@........8# #.#
#######################.#
#....# ###...........
##..### #.).##.#......
#...## #####.#####..##...
#....# #.....#####..#....
#.##.# #.###....#####....
####.####.###....# #....
#...##.##.....#####....


You could see an acid dragon.

Vanquished Creatures
  A centaur warrior (D:9)
  An elephant (D:8)
  2 wyverns (D:8)
  A yak (D:9)
  A basilisk (D:8)
  Grum (D:8)
  Edmund (D:5)
  An acid dragon (D:8)
  2 water moccasins
  2 orc warriors (D:8)
  2 sky beasts (D:7)
  A black bear (D:8)
  An ice beast (D:4)
  2 ogres
  2 centaurs
  4 wolves (D:8)
  A phantom (D:5)
  A bullfrog (D:4)
  2 necrophages
  3 scorpions
  5 gnoll sergeants (D:8)
  8 wights (D:8)
  7 killer bees (D:9)
  A howler monkey (D:6)
  4 orc priests
  3 jellies
  Crazy Yiuf (D:3)
  3 gnoll boudas (D:8)
  4 iguanas
  A merfolk siren (Sewer)
  10 orc wizards
  A merfolk avatar (Sewer)
  6 gnolls (D:8)
  9 adders
  2 river rats (Sewer)
  A shadow imp (D:6)
  A white imp (D:6)
  An ufetubus (D:6)
  4 worms
  2 dart slugs
  47 orcs
  10 ball pythons
  8 bats
  4 endoplasms
  10 giant cockroaches
  11 goblins
  7 hobgoblins
  8 jackals
  2 quokkas
  6 frilled lizards
  11 kobolds
  29 rats
259 creatures vanquished.

Vanquished Creatures (others)
  A fungus (D:5)
  A plant (D:7)
2 creatures vanquished.

Grand Total: 261 creatures vanquished

Notes
Turn   | Place    | Note
-------+----------+-------------------------------------------
     0 | D:1      | porpoise the Demonspawn Gladiator began the quest for the
                  | Orb.
     0 | D:1      | Reached XP level 1. HP: 16/16 MP: 1/1
   152 | D:1      | Found Cintaxoth's Armour Shoppe.
   413 | D:1      | Found Ygapsib's Armour Boutique.
   419 | D:1      | Gained mutation: You have sharp fingernails. [demonic
                  | ancestry]
   419 | D:1      | Reached XP level 2. HP: 22/22 MP: 2/2
  1025 | D:1      | Found Yneadar's Distillery.
  1031 | D:1      | Bought a potion of curing for 30 gold pieces
  1031 | D:1      | Bought a potion of curing for 30 gold pieces
  1031 | D:1      | Bought a potion of degeneration for 10 gold pieces
  1187 | D:1      | Found Uci Nydu's Assorted Antiques.
  1195 | D:1      | Bought a fizzy emerald potion for 18 gold pieces
  1274 | D:1      | Reached skill level 1 in Unarmed Combat
  1705 | D:2      | Gained mutation: You are partially covered in sharp spines.
                  | [demonic ancestry]
  1705 | D:2      | Reached XP level 3. HP: 24/28 MP: 3/3
  2286 | D:2      | Gained mutation: You have very sharp fingernails. [demonic
                  | ancestry]
  2286 | D:2      | Reached XP level 4. HP: 33/34 MP: 4/4
  2292 | D:2      | Found a faded altar of an unknown god.
  2405 | D:2      | Reached skill level 2 in Unarmed Combat
  2710 | D:3      | Found a stormy altar of Qazlal.
  2712 | D:3      | Found a burning altar of Makhleb.
  3572 | D:3      | Found a runed translucent door.
  3573 | D:3      | Noticed Crazy Yiuf
  3581 | D:3      | Killed Crazy Yiuf
  3582 | D:3      | Gained mutation: You are mostly covered in sharp spines.
                  | [demonic ancestry]
  3582 | D:3      | Reached XP level 5. HP: 23/41 MP: 5/5
  4153 | D:1      | Bought a scroll labelled HOCEYMMEMU for 21 gold pieces
  4153 | D:1      | Bought a scroll labelled HUMEUR SALA for 21 gold pieces
  4153 | D:1      | Bought 2 scrolls labelled IFIUJE IFUDGH for 42 gold pieces
  4153 | D:1      | Bought 2 puce potions for 37 gold pieces
  4153 | D:1      | Bought 2 scrolls labelled AGONED ONLAAPO for 42 gold pieces
  4358 | D:4      | Reached skill level 3 in Unarmed Combat
  4831 | D:4      | Found Wexull's Jewellery Shoppe.
  4843 | D:4      | Noticed an ice beast
  4845 | D:4      | Reached XP level 6. HP: 46/48 MP: 6/6
  4858 | D:4      | Killed an ice beast
  4976 | D:4      | Found Tuusan's Assorted Antiques.
  4983 | D:4      | Bought a scroll labelled ZEMEICI ACSERCH for 19 gold pieces
  4983 | D:4      | Bought a scroll labelled RIJAQOLOMMI for 19 gold pieces
  4991 | D:4      | Found Nusem's Magic Scroll Shoppe.
  4994 | D:4      | Bought a scroll of identify for 20 gold pieces
  4994 | D:4      | Bought a scroll of poison for 40 gold pieces
  4994 | D:4      | Bought a scroll of identify for 20 gold pieces
  4998 | D:4      | Found Nyahe's Antique Weapon Shoppe.
  5004 | D:4      | Reached skill level 4 in Unarmed Combat
  5319 | D:4      | Found a runed translucent gate.
  5319 | D:4      | Found a runed translucent gate.
  5319 | D:4      | Found a runed translucent gate.
  5323 | D:4      | Identified the +8 mace "Hydrabane" {vorpal, Str+2}
  5323 | D:4      | Noticed greasedhog's ghost (novice GrCK)
  6092 | D:5      | Entered Level 5 of the Dungeon
  6183 | D:5      | Gained mutation: You are partially covered in large bone
                  | plates. (SH +4) [demonic ancestry]
  6183 | D:5      | Reached XP level 7. HP: 48/54 MP: 7/7
  6289 | D:5      | Noticed Edmund
  6306 | D:5      | Killed Edmund
  6572 | D:5      | Reached skill level 5 in Unarmed Combat
  6724 | D:5      | Found a glowing drain.
  6737 | Sewer    | Entered a sewer
  6966 | Sewer    | Reached skill level 5 in Polearms
  7256 | D:5      | Found a shadowy altar of Dithmenos.
  7565 | D:5      | Reached skill level 5 in Fighting
  7565 | D:5      | Gained mutation: You are mostly covered in large bone
                  | plates. (SH +6) [demonic ancestry]
  7565 | D:5      | Reached XP level 8. HP: 48/62 MP: 8/8
  7919 | D:6      | Reached skill level 6 in Unarmed Combat
  9177 | D:7      | Found a blossoming altar of Fedhas.
  9249 | D:7      | Reached skill level 7 in Unarmed Combat
  9916 | D:7      | Found a staircase to the Ecumenical Temple.
  9930 | Temple   | Entered the Ecumenical Temple
 10092 | Temple   | Became a worshipper of Sif Muna the Loreminder
 10129 | D:7      | Found an iron altar of Okawaru.
 10305 | D:8      | Gained mutation: You have claws for hands. [demonic
                  | ancestry]
 10305 | D:8      | Reached XP level 9. HP: 69/69 MP: 9/9
 10435 | D:8      | Noticed Grum
 10445 | D:8      | Killed Grum
 10446 | D:8      | Reached skill level 8 in Unarmed Combat
 11182 | D:8      | Reached skill level 9 in Unarmed Combat
 11250 | D:8      | Reached * piety under Sif Muna
 11338 | D:8      | Noticed an elephant
 11346 | D:8      | Killed an elephant
 11347 | D:8      | Reached skill level 10 in Unarmed Combat
 11550 | D:8      | Found a staircase to the Lair.
 11556 | D:8      | Reached skill level 1 in Armour
 11639 | D:8      | Reached XP level 10. HP: 78/79 MP: 10/10
 11845 | D:8      | Found a radiant altar of Vehumet.
 11945 | D:8      | Reached ** piety under Sif Muna
 12608 | D:9      | Found a sparkling altar of Nemelex Xobeh.
 12851 | D:9      | Identified the +1 short sword of Haod Pyny {vorpal, *Slow
                  | rF+ Stlth+}
 12863 | D:9      | Found a broken altar of Ashenzari.
 12871 | D:9      | Found a hazy altar of Hepliaklqana.
 13042 | D:9      | Found Duaroffi's Book Boutique.
 13239 | D:10     | Entered Level 10 of the Dungeon
 13279 | D:9      | Reached skill level 11 in Unarmed Combat
 13317 | D:9      | Noticed a centaur warrior
 13327 | D:9      | Killed a centaur warrior
 13327 | D:9      | HP: 2/79 [something (15)]
 13328 | D:9      | Slain by a vampire

Illustrated notes

Levels and vault maps discovered:
D:1:      amcnicky_arrival_double_pillar, layout_loops_corners, serial_shops,
          nicolae_diamond_shop, nicolae_shop_hallway_stairs,
          nicolae_square_shop, shop_fountains, minmay_tetromino_o2
D:2:      layout_loops_ring, shapermc_ecumenical_altar_venn,
          minmay_stone_trees_small
D:3:      layout_basic, jmf_multi_god_temple, serial_curves, eino_curves_04,
          eino_curves_03, guppyfry_early_orc_mine, uniq_crazy_yiuf_cottage
D:4:      layout_basic, biasface_ghost_orc_armoury, serial_shops, shop,
          kennysheep_mini_moat, shop, nicolae_inconvenience_store
D:5:      layout_basic, lemuel_tele_altar, portal_sewer_entry_b,
          serial_aquarium, aquarium_bridge_straight [aquarium_subvault_bridge,
          aquarium_subvault_window, aquarium_subvault_bridge,
          aquarium_subvault_balcony], aquarium_window_corner,
          aquarium_window_corner, aquarium_window_double, aquarium_window_1,
          aquarium_view_2c, aquarium_view_2a, aquarium_pool_split, uniq_edmund
D:6:      layout_layer_cave
D:7:      layout_loops_ring, lemuel_round_altar, fedhas_altar_3, temple_hall
D:8:      layout_layer_cave, vehumet_altar_wand_db, david_lair_generic,
          enter_bailey_2, special_room [special_room_orc],
          pf_guarded_unrand_woodcutter, uniq_grum
D:9:      minmay_klotski, layout_rooms, mainiacjoe_overflow_big_doors,
          nicolae_overflow_crystal_walls, mainiacjoe_overflow_tiny_flanked,
          nicolae_stop_n_shop_1
D:10:     layout_irregular_city, minmay_chambers_of_fives
Temple:   hellmonk_temple_flake

Skill      XL: |  1  2  3  4  5  6  7  8  9 10 |
---------------+-------------------------------+-----
Polearms       | 3 4 5 6 |  6.0
Unarmed Combat | 1 2 3 4 5 7 10 11 | 11.2
Fighting       | 3 4 5 6 7 |  7.0
Armour         | 1 4 |  4.1
Throwing       | |  1.7
Dodging        | |  2.6

Action                   |  1- 3 |  4- 6 |  7- 9 | 10-12 || total
-------------------------+-------+-------+-------+-------++-------
Melee: Trident           |   137 |   158 |     2 |       ||   297
       Punch             |     1 |     1 |     6 |     3 ||    11
       Unarmed           |       |       |   244 |    38 ||   282
       Battleaxe         |       |       |       |    33 ||    33
 Fire: Sling             |       |     4 |    38 |       ||    42
Throw: Dart              |       |     3 |     8 |       ||    11
       Throwing net      |       |     1 |     3 |       ||     4
       Javelin           |       |       |     1 |       ||     1
  Use: Scroll            |       |    11 |     6 |     1 ||    18
       Potion            |       |       |       |     6 ||     6
 Stab: Sleeping          |     2 |       |       |       ||     2
Armor: Leather armour    |    20 |       |       |       ||    20
       Ring mail         |     7 |    41 |    58 |       ||   106
       Acid dragon scale |       |       |       |    30 ||    30
Dodge: Dodged            |    51 |    38 |    72 |    42 ||   203
Block: Other             |       |       |    37 |    36 ||    73

Table legend: (Time is in decaauts)
 A = Elapsed time spent in this place.
 B = Non-inter-level travel time spent in this place.
 C = Inter-level travel time spent in this place.
 D = Time resting spent in this place.
 E = Time spent auto-exploring this place.
 F = Levels seen in this place.
 G = Mean time per level.
                   A        B        C        D        E       F      G
               +--------+--------+--------+--------+--------+-----+--------+
         Total |  13376 |  12757 |    619 |   3339 |   7204 |  12 | 1114.7 |
       Dungeon |  12759 |  12170 |    589 |   3262 |   7008 |  10 | 1275.9 |
        Temple |    173 |    143 |     30 |      0 |    130 |   1 |  173.0 |
         Sewer |    443 |    443 |      0 |     77 |     66 |   1 |  443.0 |
               +--------+--------+--------+--------+--------+-----+--------+

Top non-repeatable levels by time:
     D:8: 1846 daAuts
     D:4: 1845 daAuts
     D:1: 1656 daAuts
     D:3: 1550 daAuts
     D:7: 1499 daAuts
     D:5: 1345 daAuts
     D:6: 1190 daAuts
     D:2: 1078 daAuts
     D:9: 722 daAuts
   Sewer: 443 daAuts
  Temple: 173 daAuts
    D:10: 24 daAuts
